 Dungeon Crawl Stone Soup version 0.18-a0-1133-g6682300 (webtiles) character file.

350 TerapinKing the Archer (level 6, 0/41 HPs)
             Began as a High Elf Hunter on Jan 21, 2016.
             Slain by a shadow imp (3 damage)
             ... summoned by Natasha
             ... on level 3 of the Dungeon.
             The game lasted 00:20:36 (3172 turns).

TerapinKing the Archer (High Elf Hunter)            Turns: 3172, Time: 00:20:36

Health: 0/41       AC:  4    Str: 11    XL:     6   Next: 34%
Magic:  7/7        EV: 13    Int: 14    God:
Gold:   89         SH:  0    Dex: 19    Spells: 0 memorised, 5 levels left

rFire  . . .     SeeInvis .     u - -3 short sword (curse)
rCold  . . .     Gourm    .     g - +1 leather armour
rNeg   + . .     Faith    .     (no shield)
rPois  .         Spirit   .     (no helmet)
rElec  .         Dismiss  .     (no cloak)
rCorr  .         Reflect  .     (no gloves)
SustAt .         Harm     .     (no boots)
MR     .....     Rnd*Tele +     t - amulet of rage
Stlth  ++........               q - ring of teleportation (curse)
                                h - ring of positive energy

@: slowed, very slow, not resistant to hostile enchantments, unstealthy
A: no striking features
a: Evoke Berserk Rage


You were on level 3 of the Dungeon.
You were very full.

You visited 1 branch of the dungeon, and saw 3 of its levels.

You collected 89 gold pieces.

Inventory:

Hand Weapons
 a - a +3 shortbow
 b - a +0 short sword
 e - a +0 club
 j - a +0 spear
 u - a cursed -3 short sword (weapon)
Missiles
 d - 51 arrows
 l - 8 javelins (quivered)
Armour
 c - a +0 leather armour
 g - a +1 leather armour (worn)
 i - a +0 scale mail
 k - a +0 chain mail
Jewellery
 h - a ring of positive energy (left hand)
 q - a cursed ring of teleportation (right hand)
 t - an amulet of rage (around neck)
Wands
 n - a wand of slowing (26/48)
Scrolls
 m - a scroll of recharging
 p - a scroll of teleportation
 r - 3 scrolls of identify
Potions
 o - a potion of heal wounds
Comestibles
 f - 2 bread rations
 s - 2 beef jerkies


   Skills:
 + Level 2.4 Fighting
 + Level 0.1 Polearms
 + Level 8.7 Bows
 + Level 1.5 Armour
 + Level 3.2 Dodging
 + Level 2.2 Stealth


You had 5 spell levels left.
You didn't know any spells.

Dungeon Overview and Level Annotations

Branches:
Dungeon (3/15)

Altars:
Yredelemnul

Annotations:
D:3 Natasha


Message History

* * * LOW HITPOINT WARNING * * *
Natasha stares at you and mumbles some strange words.
You feel as though you will be slow longer.
Found a beef jerky.
You completely miss Natasha.
Natasha is severely wounded.
Natasha mumbles some strange words.
Natasha shimmers violently.
Natasha barely misses you.
Eat which item? (? for menu, Esc to quit)
Natasha mumbles some strange words.
Natasha closely misses you.
You continue eating.
Natasha claws you.
* * * LOW HITPOINT WARNING * * *
The shadow imp shouts, "Get thee hence, thou beslubbering base-court nightsoil!"
The shadow imp hits you but does no damage.
You continue eating.
Natasha claws you but does no damage. The shadow imp hits you.
You die...

#####.#.# ##..
#.#.##########..
#...............
###.###########.
#<.# #. #.## #.
#.# #.
##########.#
###.
%.....5@..#.#
#...
########h###.#
##.#. #.## #.#
#.... ## ##
#..## #....
#######.### #.
........# .# .#
######..# .# ..
#..#


You could see Natasha and a shadow imp.

Vanquished Creatures
  Sigmund (D:3)
  An orc priest (D:3)
  Jessica (D:2)
  Natasha (D:3)
  A worker ant (D:3)
  3 adders
  3 oozes
  4 giant geckos
  4 orcs (D:3)
  A ball python (D:1)
  8 bats
  A giant cockroach (D:1)
  5 goblins
  9 hobgoblins
  3 quokkas
  3 giant newts
  4 kobolds
  4 rats
57 creatures vanquished.

Notes
Turn   | Place    | Note
--------------------------------------------------------------
     0 | D:1      | TerapinKing the High Elf Hunter began the quest for the Orb.
     0 | D:1      | Reached XP level 1. HP: 14/14 MP: 2/2
   290 | D:1      | Reached XP level 2. HP: 17/19 MP: 3/3
   326 | D:1      | Reached skill level 6 in Bows
   908 | D:2      | Noticed Jessica
   912 | D:2      | Killed Jessica
   912 | D:2      | Reached XP level 3. HP: 24/24 MP: 4/4
  1311 | D:2      | Found a basalt altar of Yredelemnul.
  1454 | D:2      | Reached XP level 4. HP: 29/29 MP: 5/5
  2186 | D:3      | Reached skill level 1 in Armour
  2243 | D:3      | Reached skill level 7 in Bows
  2523 | D:3      | Reached XP level 5. HP: 30/34 MP: 6/6
  2604 | D:3      | Noticed Natasha
  2606 | D:3      | Killed Natasha
  2607 | D:3      | Noticed Sigmund
  2613 | D:3      | Killed Sigmund
  2613 | D:3      | Reached skill level 8 in Bows
  2613 | D:3      | Reached XP level 6. HP: 14/41 MP: 7/7
  3144 | D:3      | Noticed Natasha
  3172 | D:3      | Slain by a shadow imp

Vault maps used:
D:1:      dpeg_arrival_round_a
D:2:      old_standard_altar, first_bread, uniq_jessica
D:3:      roderic_chinese_pattern_swastika, kennysheep_cluttered_room,
          minmay_distorted, uniq_natasha, uniq_sigmund

Action                   |  1- 3 |  4- 6 || total
-------------------------+-------+-------++-------
Melee: Shortbow          |     1 |       ||     1
       Spear             |    15 |       ||    15
       Short sword       |    18 |    35 ||    53
 Fire: Shortbow          |    56 |    75 ||   131
  Use: Scroll            |     5 |     4 ||     9
       Potion            |     2 |     2 ||     4
  Eat: Bread ration      |     1 |     2 ||     3
